 Dungeon Crawl Stone Soup version 0.31-a0-705-ga145531891 (webtiles) character file.

Game seed: 7463608420941597545

141 Ofeo the Changeling (level 5, -1/37 HPs)
             Began as a Demonspawn Shapeshifter on Sept 9, 2023.
             Was an Initiate of Wu Jian.
             Slain by Pikel
             ... wielding a +1 whip of flaming
              (3 damage)
             ... on level 4 of the Dungeon.
             The game lasted 00:02:57 (3398 turns).

Ofeo the Changeling (Demonspawn Shapeshifter)       Turns: 3398, Time: 00:02:58

Health: -1/37      AC: 10    Str: 16    XL:     5   Next: 3%
Magic:  5/5        EV:  7    Int: 11    God:    Wu Jian [......]
Gold:   92         SH:  0    Dex: 13    Spells: 4/4 levels left

rFire   . . .        q - +0 orcbow
rCold   . . .        (shield currently unavailable)
rNeg    . . .        g - +0 chain mail
rPois   .            (helmet currently unavailable)
rElec   .            (cloak currently unavailable)
rCorr   .            (gloves currently unavailable)
SInv    .            (boots currently unavailable)
Will    +....        p - amulet of magic regeneration Stlth
                     r - ring of willpower
HPRegen 0.26/turn    (no ring)
MPRegen 0.49/turn

%: no passive effects
@: mighty, beast-form, studying Stealth, invisible
A: beast (slay +2), slimy green scales 1
a: Begin Untransformation, Renounce Religion


You were on level 4 of the Dungeon.
You worshipped Wu Jian.
Wu Jian was noncommittal.
You were a hulking beast.
You visited 1 branch of the dungeon, and saw 4 of its levels.

You collected 92 gold pieces.

Inventory:

Hand Weapons
 q - a +0 orcbow (weapon)
Armour
 a - a +0 animal skin
 g - a +0 chain mail (worn)
Jewellery
 p - an amulet of magic regeneration (around neck)
 r - a ring of willpower (left hand)
Talismans
 c - a beast talisman (active)
 d - a flux talisman
Wands
 n - a wand of flame (3)
Scrolls
 b - a scroll of fear {unknown}
 e - 2 scrolls of vulnerability {unknown}
 h - 3 scrolls of immolation {unknown}
 i - 2 scrolls of identify {@r1}
 k - a scroll of amnesia
 o - a scroll of brand weapon {unknown}
Potions
 f - a potion of haste {unknown}
 l - a potion of mutation {unknown}
 m - a potion of might {@q4}


   Skills:
 - Level 1.0 Fighting
 - Level 1.7 Dodging
 - Level 2.6 Unarmed Combat
 + Level 4.9 Shapeshifting


You had 4 spell levels left.
You didn't know any spells.
Your spell library contained the following spells:

 Spells                   Type           Power      Damage    Failure   Level
 Freeze                   Ice            0%         1d3       99%         1
 Cigotuvi's Dreadful Rot  Necr/Pois/Air  0%         N/A       100%        2
 Frozen Ramparts          Ice            0%         1d1       100%        3
 Hailstorm                Conj/Ice       0%         3d3       100%        3
 Ignite Poison            Fire/Tmut/Pois 0%         N/A       100%        3
 Summon Ice Beast         Ice/Summ       0%         N/A       100%        4
 Freezing Cloud           Conj/Ice/Air   0%         6-21      100%        5
 Summon Mana Viper        Hex/Summ       0%         N/A       100%        5
 Haunt                    Necr/Summ      0%         N/A       100%        7
 Monstrous Menagerie      Summ           0%         N/A       100%        7
 Borgnjor's Revivificati  Necr           0%         N/A       100%        8
 Death's Door             Necr           0%         N/A       100%        9


Dungeon Overview and Level Annotations

Branches:
Dungeon (4/15)
 Temple: D:4-7

Altars:
Ru
Vehumet
Wu Jian

Annotations:
D:4 Pikel


Innate Abilities, Weirdness & Mutations

You are a hulking beast.
Your limbs bulge with bestial killing power. (Slay +2)
You are partially covered in slimy green scales. (AC +2)


Message History

A lemure comes into view.
You hear a shout!
You take 3 damage, and have 34/37 hp.
It was a potion of might.
You feel very mighty all of a sudden.
m - a potion of might;
f - an inky potion The lemure hits you but does no damage.
Pikel says, "You'll make a fine lemure."
The lemure barely misses you. Pikel hits you but does no damage.
The lemure attacks as it pursues you! The lemure closely misses you.
Pikel zaps a wand.
The puff of flame misses you.
A lemure comes into view.
Okay, then.
Fire: q) +0 orcbow
Press: ? - help, Q - select action, (/) - cycle Shift-Dir - straight line, p - lemure You shoot an arrow.
The arrow closely misses Pikel.
Pikel hits you with a +1 whip of flaming!
Pikel burns you. The lemure hits you.
You take 12 damage, and have 23/37 hp.
MASSIVE DAMAGE!!
Fire: q) +0 orcbow
Press: ? - help, Q - select action, (/) - cycle Shift-Dir - straight line, f - Pikel
Aim: Pikel, wielding a +1 whip of flaming, wearing a +0 robe and carrying a wand of flame (43% to hit)
You shoot an arrow. The arrow barely misses Pikel.
The arrow hits the lemure.
The lemure is lightly wounded.
The lemure hits you! Pikel closely misses you.
The lemure hits you but does no damage. The lemure hits you.
* * * LOW HITPOINT WARNING * * *
Pikel hits you with a +1 whip of flaming.
* * * LOW HITPOINT WARNING * * *
Pikel burns you.
* * * LOW HITPOINT WARNING * * *
The lemure hits you but does no damage.
You take 21 damage, and have 2/37 hp.
MASSIVE DAMAGE!!
You are too injured to fight recklessly!
It was a potion of invisibility.
You fade into invisibility!
The lemure hits you but does no damage.
Pikel hits you with a +1 whip of flaming.
You die...
Pikel says, "See you in Hell!"

##....)........#
##.....<..
###..........##
#......#..
##........##
####...###
##......## #§§.#
#...#.## #☼○○#
##..### #§.°#
##..## #...#
##..## ..$..
##5h## §.$...
##5K## #5..##.#
##|....# ##....#
#..### #..# #..#
#..#


You could see Pikel (unable to see you) and 3 lemures.

Vanquished Creatures
  Terence (D:2)
  5 adders
  2 worms
  A dart slug (D:4)
  3 orcs
  2 endoplasms (D:1)
  3 giant cockroaches (D:1)
  5 goblins
  6 hobgoblins
  2 jackals (D:3)
  3 quokkas
  4 ball pythons
  4 bats
  A frilled lizard (D:2)
  10 kobolds
  9 rats
61 creatures vanquished.

Notes
Turn   | Place    | Note
-------+----------+-------------------------------------------
     0 | D:1      | Ofeo the Demonspawn Shapeshifter began the quest for the
                  | Orb.
     0 | D:1      | Reached XP level 1. HP: 15/15 MP: 1/1
   141 | D:1      | Reached skill level 3 in Shapeshifting
   282 | D:1      | Gained mutation: You are partially covered in slimy green
                  | scales. (AC +2) [demonic ancestry]
   282 | D:1      | Reached XP level 2. HP: 19/21 MP: 2/2
   810 | D:1      | Reached XP level 3. HP: 26/26 MP: 3/3
  1429 | D:2      | Noticed Terence
  1439 | D:2      | Killed Terence
  1440 | D:2      | Reached skill level 4 in Shapeshifting
  1634 | D:2      | Reached XP level 4. HP: 20/32 MP: 4/4
  2055 | D:3      | Found a radiant altar of Vehumet.
  2063 | D:3      | Found a faded altar of an unknown god.
  2083 | D:3      | Found an ornate altar of the Wu Jian Council.
  2103 | D:3      | Became a worshipper of the Wu Jian Council
  3122 | D:4      | Found a sacrificial altar of Ru.
  3326 | D:4      | Reached XP level 5. HP: 31/37 MP: 5/5
  3389 | D:4      | Noticed a lemure
  3391 | D:4      | Noticed Pikel
  3391 | D:4      | Noticed a lemure
  3395 | D:4      | Noticed a lemure
  3398 | D:4      | Slain by Pikel

Illustrated notes

Levels and vault maps discovered:
D:1:      amcnicky_arrival_single_pillar, layout_basic, minmay_tromino_v7
D:2:      layout_rooms, uniq_terence
D:3:      layout_basic, nzn_wu_jian_contemplation, fiery_altar_vehumet,
          ebering_ecumenical_altar_webs
D:4:      layout_cave_pods, makhleb_blood_cavern_becter,
          chequers_temple_overflow_statue_of_worship, lemuel_flame_loot_1,
          uniq_pikel

Skill      XL: |  1  2  3 |
---------------+----------+-----
Shapeshifting  | 3 4 |  4.9
Fighting       | |  1.0
Dodging        | |  1.7
Unarmed Combat | |  2.6

Action                     |  1- 3 |  4- 6 || total
---------------------------+-------+-------++-------
  Melee: Unarmed           |   111 |    55 ||   166
         Punch             |     5 |       ||     5
   Fire: Orcbow            |       |    36 ||    36
Ability: Lunge             |       |     1 ||     1
    Use: Scroll            |     3 |       ||     3
         Potion            |     1 |     2 ||     3
 Armour: Animal skin       |    22 |       ||    22
         Chain mail        |    64 |    99 ||   163
         Skin              |     5 |       ||     5
  Dodge: Dodged            |    45 |    48 ||    93

Table legend: (Time is in decaauts)
 A = Elapsed time spent in this place.
 B = Non-inter-level travel time spent in this place.
 C = Inter-level travel time spent in this place.
 D = Time resting spent in this place.
 E = Time spent auto-exploring this place.
 F = Levels seen in this place.
 G = Mean time per level.
                   A        B        C        D        E       F      G
               +--------+--------+--------+--------+--------+-----+--------+
         Total |   3420 |   3296 |    124 |    192 |   2596 |   4 |  855.0 |
       Dungeon |   3420 |   3296 |    124 |    192 |   2596 |   4 |  855.0 |
               +--------+--------+--------+--------+--------+-----+--------+

Top non-repeatable levels by time:
     D:1: 1284 daAuts
     D:3: 1098 daAuts
     D:2: 762 daAuts
     D:4: 275 daAuts
